 Dungeon Crawl Stone Soup version 0.31.0-32-g396128a36d (webtiles) character file.

Game seed: 14299855006938003511

3238 PaiMei the Purveyor of Pain (level 9, 0/71 HPs)
             Began as a Demonspawn Necromancer on Apr 23, 2024.
             Was an Initiate of Kikubaaqudgha.
             Slain by a wyvern (12 damage)
             ... on level 7 of the Dungeon.
             The game lasted 00:17:00 (11525 turns).

PaiMei the Purveyor of Pain (DsNe)                 Turns: 11525, Time: 00:17:00

Health: 0/71       AC: 11    Str:  8    XL:     9   Next: 66%
Magic:  18/18      EV: 14    Int: 20    God:    Kikubaaqudgha [......]
Gold:   195        SH:  5    Dex: 14    Spells: 8/21 levels left

rFire   . . .        q - +3 flail
rCold   + . .        (no shield)
rNeg    . . .        D - +1 leather armour {rC+}
rPois   .            (helmet restricted)
rElec   .            (no cloak)
rCorr   .            j - +0 pair of gloves
SInv    .            (no boots)
Will    .....        m - amulet of reflection
Stlth   ++           c - +4 ring of protection
HPRegen 0.31/turn    (no ring)
MPRegen 0.16/turn

%: reflection
@: mighty
A: horns 1, thin metallic scales 1, ignite blood 1, powered by pain 1
a: Renounce Religion


You were on level 7 of the Dungeon.
You worshipped Kikubaaqudgha.
Kikubaaqudgha was noncommittal.
You visited 2 branches of the dungeon, and saw 9 of its levels.

You collected 299 gold pieces.
You spent 104 gold pieces at shops.

Inventory:

Hand Weapons
 q - a +3 flail (weapon)
 v - a +1 dagger of venom
 z - a +2 dagger of electrocution
 E - a +1 heavy war axe
Missiles
 w - 2 atropa-tipped darts
Armour
 h - an orb of energy
 j - a +0 pair of gloves (worn)
 D - a +1 leather armour of cold resistance (worn)
Jewellery
 c - a +4 ring of protection (left hand)
 d - an amulet of guardian spirit
 m - an amulet of reflection (around neck)
 s - a ring of fire
 L - a ring of protection from cold
Wands
 C - a wand of flame (36)
 K - a wand of paralysis (14)
Scrolls
 e - 2 scrolls of vulnerability
 i - 2 scrolls of immolation
 k - 3 scrolls of silence
 p - a scroll of butterflies {unknown}
 r - 2 scrolls of noise
 t - 2 scrolls of enchant weapon {unknown}
 y - a scroll of fog {unknown}
 A - a scroll of amnesia {unknown}
 F - 2 scrolls of revelation {unknown}
 H - a scroll of teleportation {unknown}
 I - a scroll of brand weapon {unknown}
 J - a scroll of poison {unknown}
Potions
 a - 4 potions of curing
 b - a potion of magic
 f - a potion of heal wounds
 n - a potion of berserk rage {unknown}
 o - 4 potions of lignification {unknown}
 u - 2 potions of degeneration {unknown}
 x - 3 potions of enlightenment {unknown}
 B - a potion of resistance {unknown}
 G - a potion of mutation {unknown}


   Skills:
 + Level 6.6 Fighting
 + Level 6.4 Dodging
 - Level 2.0 Stealth
 + Level 6.6 Spellcasting
 + Level 8.7 Necromancy


You had 8 spell levels left.
You knew the following spells:

 Your Spells              Type           Power      Damage    Failure   Level
a - Necrotise             Necr           100%       1d9       1%          1
b - Vampiric Draining     Necr           41%        2d8       1%          3
c - Animate Dead          Necr           41%        N/A       4%          4
d - Curse of Agony        Necr           41%        N/A       11%         5

Your spell library contained the following spells:

 Spells                   Type           Power      Damage    Failure   Level
 Foxfire                  Conj/Fire      24%        2x1d5     14%         1
 Magic Dart               Conj           24%        1d4       14%         1
 Blink                    Tloc           12%        N/A       22%         2
 Call Imp                 Summ           12%        N/A       22%         2
 Plasma Beam              Fire/Air       3%         2x1d13    100%        6
 Starburst                Conj/Fire      3%         6d3       100%        6


Dungeon Overview and Level Annotations

Branches:
Dungeon (8/15)             Temple (1/1) D:6
   Lair: D:8-11

Altars:
Ashenzari
Cheibriados
Dithmenos
Fedhas
Gozag
Hepliaklqana
Kikubaaqudgha
Makhleb
Nemelex Xobeh
Okawaru
Qazlal
Ru
Sif Muna
Trog
Uskayaw
Vehumet
Wu Jian
Yredelemnul

Shops:
D:2 :   D:5 *

Annotations:
D:3 1 runed translucent door
D:4 1 runed translucent door, Crazy Yiuf
D:7 2 transporters, exclusion: ice statue, LawnmowerMan's ghost, novice DsNe


Innate Abilities, Weirdness & Mutations

You have a pair of small horns on your head.
You are partially covered in thin metallic scales. (AC +2)
Your demonic aura sometimes causes spilled blood to erupt in flames.
You sometimes gain a little power by taking damage.


Message History

You start waiting.
Done waiting.
You start waiting.
Done waiting.
You open the door.
There is an open door here.
There is a stone staircase leading down here.
You climb downwards.
Level annotation: 2 transporters, exclusion: ice statue, LawnmowerMan's ghost, novice DsNe
There is a stone staircase leading up here.
There is an open door here.
There is a stone staircase leading down here.
You climb downwards.
You block the wolf's attack. The wyvern bites you!
You focus on the pain.
You feel very mighty all of a sudden. The wyvern bites you!
The water moccasin closely misses you. The ice beast closely misses you.
The wolf bites you. The wyvern closely misses you. The wyvern bites you!
The water moccasin misses you. The ice beast hits you.
The ice beast freezes you. You resist.
There is a stone staircase leading up, spattered with blood here.
You block the wolf's attack. The wyvern bites you!
* * * LOW HITPOINT WARNING * * *
The wyvern barely misses you. The water moccasin bites you.
* * * LOW HITPOINT WARNING * * *
The wolf bites you but does no damage. The wyvern closely misses you.
The wyvern misses you. The ice beast hits you.
* * * LOW HITPOINT WARNING * * *
The ice beast freezes you. You resist.
* * * LOW HITPOINT WARNING * * *
You climb upwards.
Level annotation: 2 transporters, exclusion: ice statue, LawnmowerMan's ghost, novice DsNe
There is a stone staircase leading down here.
Blink to where?
Press: ? - help, Dir - move target
As you read the scroll of blinking, it crumbles to dust.
The two-headed ogre shouts in stereo!
The wyvern attacks as it pursues you! The wyvern bites you!
You die...
Kikubaaqudgha rasps: "You have failed me!
Welcome... death!"

#......# #.####.# ########### #.#
#.# #.........#####.####.#
#.######..##......##.# #.#
#<.......##.#.##.# #.#
#......####.#.##.# #.# #.#...##
#.#.##.# # ##.###.##@.#
#......### # #.....O..k.#
###......# # #.#######.##
######.# # #.# ##h## #.# # #.#
##.kY## #.# # ###O# ##...S.## ###
#.# # ##.#.# ##.......## ##.###.#
#####(...###........ยง####...##.#
.....................'.......#.##


You could see a two-headed ogre, a water moccasin, 2 wyverns, an ice beast and a
wolf.

Vanquished Creatures
  Grinder (D:3)
  Sigmund (D:4)
  Eustachio (D:4)
  2 steam dragons
  Menkaure (D:7)
  Duvessa (D:3)
  2 black bears
  4 orc warriors
  3 centaurs (D:6)
  2 phantoms (D:4)
  Blork the orc (D:5)
  A scorpion (D:3)
  Dowan (D:3)
  A jelly (D:7)
  2 bombardier beetles
  5 hounds
  9 orc priests
  An iguana (D:5)
  Jessica (D:2)
  Terence (D:2)
  Ijyb (D:4)
  12 orc wizards
  A mummy (D:6)
  9 adders
  A shadow imp (D:6)
  2 dart slugs
  4 ribbon worms
  27 orcs
  7 bats
  2 endoplasms (D:2)
  A giant cockroach (D:2)
  5 hobgoblins
  4 jackals (D:3)
  5 quokkas
  7 ball pythons
  2 frilled lizards
  3 goblins
  6 kobolds
  3 rats
143 creatures vanquished.

Vanquished Creatures (collateral kills)
  A dart slug (D:2)
  A bat (D:1)
  A rat (D:2)
3 creatures vanquished.

Grand Total: 146 creatures vanquished

Notes
Turn   | Place    | Note
-------+----------+-------------------------------------------
     0 | D:1      | PaiMei the Demonspawn Necromancer began the quest for the
                  | Orb.
     0 | D:1      | Reached XP level 1. HP: 13/13 MP: 3/3
   526 | D:1      | Gained mutation: You sometimes gain a little power by
                  | taking damage. [demonic ancestry]
   526 | D:1      | Reached XP level 2. HP: 19/19 MP: 3/5
   980 | D:2      | Noticed Terence
  1336 | D:2      | Noticed Jessica
  1343 | D:2      | Reached XP level 3. HP: 25/25 MP: 2/6
  1344 | D:2      | Killed Jessica
  1345 | D:2      | Reached skill level 1 in Fighting
  1351 | D:2      | Learned a level 3 spell: Vampiric Draining
  1408 | D:2      | Found Wops's Book Boutique.
  1927 | D:2      | Killed Terence
  1928 | D:2      | Reached skill level 5 in Necromancy
  1928 | D:2      | Reached XP level 4. HP: 32/32 MP: 2/8
  2180 | D:3      | Noticed a scorpion
  2214 | D:3      | Noticed Grinder
  2220 | D:3      | Paralysed by Grinder for 4 turns
  2227 | D:3      | Paralysed by Grinder for 3 turns
  2276 | D:3      | Gained mutation: Your demonic aura sometimes causes spilled
                  | blood to erupt in flames. [demonic ancestry]
  2276 | D:3      | Reached XP level 5. HP: 37/38 MP: 5/9
  2421 | D:3      | Found a runed translucent door.
  2421 | D:3      | Noticed a human
  2425 | D:3      | Found a basalt altar of Yredelemnul.
  2814 | D:3      | Gained mutation: You are partially covered in thin metallic
                  | scales. (AC +2) [demonic ancestry]
  2814 | D:3      | Reached XP level 6. HP: 46/46 MP: 6/11
  2947 | D:3      | Paralysed by Grinder for 4 turns
  2954 | D:3      | Killed Grinder
  3306 | D:3      | Found a blossoming altar of Fedhas.
  3605 | D:4      | Reached skill level 6 in Necromancy
  3605 | D:4      | Gained mutation: You have a pair of small horns on your
                  | head. [demonic ancestry]
  3605 | D:4      | Reached XP level 7. HP: 35/52 MP: 8/12
  3878 | D:4      | Found a runed translucent door.
  3879 | D:4      | Noticed Crazy Yiuf
  3969 | D:4      | Noticed Sigmund
  4547 | D:4      | Noticed Dowan
  4638 | D:4      | Noticed Duvessa
  4653 | D:5      | Entered Level 5 of the Dungeon
  5667 | D:3      | Killed Duvessa
  5674 | D:3      | Killed Dowan
  6024 | D:4      | Noticed Ijyb
  6026 | D:4      | Killed Sigmund
  6027 | D:4      | Reached XP level 8. HP: 58/61 MP: 1/15
  6032 | D:4      | Killed Ijyb
  6125 | D:4      | Found a hazy altar of Hepliaklqana.
  6253 | D:4      | Noticed Eustachio
  6275 | D:4      | Killed Eustachio
  6276 | D:4      | Reached skill level 7 in Necromancy
  6601 | D:5      | Found Ciaceed's General Store.
  6606 | D:5      | Bought a potion of curing for 39 gold pieces
  6606 | D:5      | Bought a potion of heal wounds for 65 gold pieces
  6617 | D:5      | Reached skill level 5 in Spellcasting
  7013 | D:5      | Noticed Blork the orc
  7018 | D:5      | Reached skill level 5 in Dodging
  7060 | D:5      | Killed Blork the orc
  7061 | D:5      | Reached skill level 5 in Fighting
  7958 | D:6      | Found a staircase to the Ecumenical Temple.
  7977 | Temple   | Entered the Ecumenical Temple
  7983 | Temple   | Learned a level 4 spell: Animate Dead
  7994 | Temple   | Became a worshipper of Kikubaaqudgha
  8255 | D:6      | Found a stormy altar of Qazlal.
  8449 | D:6      | Found a hide-covered altar of Uskayaw.
  8462 | D:6      | Reached XP level 9. HP: 49/69 MP: 3/17
  8764 | D:6      | Reached skill level 8 in Necromancy
  9445 | D:7      | Learned a level 5 spell: Curse of Agony
  9475 | D:7      | Noticed Menkaure
  9583 | D:7      | Killed Menkaure
  9657 | D:7      | Found a transporter.
  9663 | D:7      | Noticed a deep elf pyromancer
  9672 | D:7      | Found a transporter.
  9673 | D:7      | Noticed an ice statue
  9673 | D:7      | Noticed LawnmowerMan's ghost (novice DsNe)
  9673 | D:7      | Noticed a deep elf pyromancer
  9673 | D:7      | Noticed a komodo dragon
 10332 | D:7      | Noticed a two-headed ogre
 10420 | D:7      | Noticed a two-headed ogre
 10963 | D:7      | HP: 3/71 [poisoned by a water moccasin]
 11525 | D:7      | Slain by a wyvern

Illustrated notes

Levels and vault maps discovered:
D:1:      psy_arrival_conway, layout_basic, st_stairs_5,
          minmay_shallow_snake_nest
D:2:      layout_rooms, serial_shops, shop_statue, kennysheep_another_room,
          uniq_terence, uniq_jessica
D:3:      layout_loops_ring, dk_yredelemnul_ordeal, mainiacjoe_overflow_swirl,
          serial_rivers, chequers_serial_rivers_room_b,
          chequers_serial_rivers_micro_a, chequers_serial_rivers_small_b,
          chequers_serial_rivers_micro_a, chequers_serial_rivers_marsh,
          uniq_grinder
D:4:      layout_loops_ring, nicolae_hepliaklqana_hippocampus,
          uniq_crazy_yiuf_cottage, uniq_ijyb, uniq_sigmund, uniq_duvessa,
          uniq_eustachio
D:5:      layout_loops_ring, serial_shops, shop,
          nicolae_kite_square_tiling_tiny, uniq_blork_the_orc
D:6:      layout_loops_corners, mainiacjoe_overflow_two_lobes,
          minmay_temple_entry_ruins, gup_ossuary_entry_pyramid
D:7:      layout_loops_corners, nzn_ghost_randoct, uniq_menkaure
D:8:      layout_cave_pools, minmay_lair_entry_grove,
          gammafunk_ghost_berserking_beasts, serial_shops, shop,
          minmay_misc_feat_columns, kennysheep_nub, grunt_ministairs_3
Temple:   nicolae_temple_bog_church

Skill      XL: |  1  2  3  4  5  6  7  8  9 |
---------------+----------------------------+-----
Stealth        | 2 |  2.0
Dodging        | 2 3 4 5 6 |  6.4
Fighting       | 1 2 3 4 5 6 |  6.6
Necromancy     | 5 6 7 8 |  8.7
Spellcasting   | 3 4 5 6 |  6.6

Action                     |  1- 3 |  4- 6 |  7- 9 || total
---------------------------+-------+-------+-------++-------
  Melee: Short sword       |    24 |     3 |       ||    27
         Flail             |       |    28 |   115 ||   143
         Headbutt          |       |       |    26 ||    26
   Cast: Necrotise         |    64 |    49 |    74 ||   187
         Vampiric Draining |       |     3 |   108 ||   111
    Use: Scroll            |       |       |     7 ||     7
   Stab: Sleeping          |       |       |     1 ||     1
 Armour: Robe              |    21 |    33 |    69 ||   123
         Leather armour    |       |       |   167 ||   167
  Dodge: Dodged            |    23 |    31 |   213 ||   267
  Block: Other             |       |     8 |    65 ||    73
         Reflection        |       |       |     2 ||     2
